 Dungeon Crawl Stone Soup version 0.26-a0-487-gbff1e92059 (webtiles) character file.

Game seed: 13519783174311150941

1631 KristoblXynda the Ruffian (level 8, -2/67 HPs)
             Began as a Troll Hedge Wizard on Aug 2, 2020.
             Was a Believer of Ashenzari.
             Slain by Harold
             ... wielding a +2 long sword of protection
              (18 damage)
             ... on level 7 of the Dungeon.
             The game lasted 00:09:08 (5697 turns).

KristoblXynda the Ruffian (Troll Hedge Wizard)      Turns: 5697, Time: 00:09:09

Health: -2/67      AC:  7    Str: 19    XL:     8   Next: 65%
Magic:  10/10      EV: 10    Int: 18    God:    Ashenzari [**....]
Gold:   231        SH:  9    Dex:  9    Spells: 8/11 levels left

rFire    . . .     SeeInvis .     - Unarmed
rCold    . . .     Faith    .   d - +0 kite shield (curse)
rNeg     . . .     Spirit   .   b - +0 robe
rPois    .         Reflect  .   c - +0 hat
rElec    .         Harm     .   p - +0 cloak (curse)
rCorr    .                      (gloves unavailable)
MR       .....                  (boots unavailable)
Stlth    +.........             r - amulet of the acrobat
HPRegen  0.61/turn              w - +6 ring of intelligence
MPRegen  0.12/turn              (no ring)

@: marked
A: large, unfitting armour, claws 3, regeneration 1, shaggy fur 1, tough skin 3
a: Curse Item, Scrying, Renounce Religion


You were on level 7 of the Dungeon.
You worshipped Ashenzari.
Ashenzari was pleased with you.
You visited 1 branch of the dungeon, and saw 7 of its levels.

You collected 448 gold pieces.
You spent 217 gold pieces at shops.

Inventory:

Armour
 b - a +0 robe (worn)
 c - a +0 hat (worn)
 d - a cursed +0 kite shield (worn)
 p - a cursed +0 cloak (worn)
 C - a +1 cloak of stealth
Jewellery
 r - an amulet of the acrobat (around neck)
 w - a +6 ring of intelligence (left claw)
Wands
 u - a wand of enslavement (10)
 z - a wand of disintegration (9)
 A - a wand of clouds (2)
Scrolls
 a - 2 scrolls of immolation {unknown}
 f - 2 scrolls of magic mapping {unknown}
 h - a scroll of teleportation {unknown}
 j - 2 scrolls of amnesia
 m - a scroll of identify
 o - 3 scrolls of enchant armour {unknown}
 q - 3 scrolls of fear {unknown}
 t - a scroll of blinking {unknown}
 v - 2 scrolls of remove curse
 y - a scroll of enchant weapon {unknown}
Potions
 e - a potion of mutation
 g - a potion of invisibility
 i - 2 potions of stabbing
 k - a potion of magic
 l - a potion of berserk rage
 n - 2 potions of brilliance
 s - a potion of cancellation
 x - 3 potions of haste
 B - a potion of curing {unknown}


   Skills:
 + Level 4.8 Dodging
 - Level 1.0 Stealth
 + Level 4.3(5.7) Shields
 + Level 5.3 Unarmed Combat
 - Level 2.0 Spellcasting
 + Level 4.0 Conjurations
   Level 0.6 Summonings
   Level 0.6 Translocations


You had 8 spell levels left.
You knew the following spells:

 Your Spells              Type           Power        Failure   Level
a - Mephitic Cloud        Conj/Pois/Air  #.......     52%         3

Your spell library contained the following spells:

 Spells                   Type           Power        Failure   Level
 Magic Dart               Conj           ###.         7%          1
 Apportation              Tloc           #.....       28%         1
 Summon Small Mammal      Summ           #...         28%         1
 Animate Skeleton         Necr           #.....       34%         1
 Corona                   Hex            #......      34%         1
 Blink                    Tloc           N/A          38%         2
 Call Imp                 Summ           #.......     38%         2
 Conjure Flame            Conj/Fire      #.......     43%         3
 Slow                     Hex            #.......     47%         2


Dungeon Overview and Level Annotations

Branches:
Dungeon (7/15)             Temple (0/1) D:7

Altars:
Ashenzari
Dithmenos
Makhleb
Qazlal
Ru
Sif Muna
Trog
Uskayaw
Xom
The Shining One

Shops:
D:5 *   D:6 :   D:7 [?

Annotations:
D:6 2 transporters, iamserjio's ghost, weakling TrDe
D:7 Harold


Innate Abilities, Weirdness & Mutations

You are too large for most types of armour.
You have claws for hands.
Your natural rate of healing is unusually fast.
You are covered in fur. (AC +1)
You have extremely tough skin. (AC +3)


Message History

Unknown command.
You claw Harold!
Harold is heavily wounded.
Okay, then.
You scratch Harold.
Harold is heavily wounded.
Harold points at you and mumbles some strange words.
The mark upon you grows brighter.
You scratch Harold.
Harold is severely wounded.
A centaur comes into view.
Harold hits you with a +2 long sword of protection!
* * * LOW HITPOINT WARNING * * *
You barely miss Harold.
Harold is severely wounded.
Harold closely misses you.
You scratch Harold but do no damage.
Harold is severely wounded.
Harold hits you with a +2 long sword of protection!!
You die...

#. , #. ** * * * * #####.
, * ,,...#. * * .., ...
,,#####
....##.############...##
,._.....>..........#.#...
...###(#########..∩..##
,, #@#, ,..#.#.### * , ,
#@# #.#...# #.....$.+ +,
#.#.######
#.......#+#.###.#.###...
#......c............+...
#!.....$.....####.###...
#......... * #...'...
#......... ,, #####...
##........., * #...


You could see Harold and a centaur.

Vanquished Creatures
  A sky beast (D:6)
  A black bear (D:7)
  An ice beast (D:6)
  A phantom (D:4)
  2 ogres
  4 centaurs
  A scorpion (D:6)
  3 wights (D:6)
  A jelly (D:6)
  A quasit (D:6)
  2 orc priests
  Crazy Yiuf (D:2)
  2 hounds
  An orc wizard (D:7)
  Jessica (D:2)
  5 worker ants
  A hound skeleton (D:5)
  Robin (D:3)
  A gnoll (D:1)
  8 adders
  An adder zombie (D:6)
  2 worms (D:3)
  9 orcs
  3 giant cockroaches (D:1)
  16 goblins
  8 hobgoblins
  9 jackals
  7 kobolds
  5 quokkas
  5 bats
  5 frilled lizards
  11 rats
120 creatures vanquished.

Vanquished Creatures (others)
  6 plants (D:6)
6 creatures vanquished.

Grand Total: 126 creatures vanquished

Notes
Turn   | Place    | Note
-------+----------+-------------------------------------------
     0 | D:1      | KristoblXynda the Troll Hedge Wizard began the quest for
                  | the Orb.
     0 | D:1      | Reached XP level 1. HP: 16/16 MP: 2/2
   202 | D:1      | Reached skill level 1 in Conjurations
   202 | D:1      | Reached XP level 2. HP: 17/24 MP: 4/4
   274 | D:1      | Reached skill level 1 in Unarmed Combat
   628 | D:1      | Reached XP level 3. HP: 31/31 MP: 5/5
   744 | D:1      | Reached skill level 1 in Shields
  1002 | D:2      | Found a shattered altar of Ashenzari.
  1010 | D:2      | Became a worshipper of Ashenzari the Shackled
  1140 | D:2      | Found a stormy altar of Qazlal.
  1228 | D:2      | Found a runed translucent door.
  1229 | D:2      | Noticed Crazy Yiuf
  1426 | D:2      | Noticed Jessica
  1435 | D:2      | Killed Jessica
  1435 | D:2      | Reached XP level 4. HP: 39/39 MP: 6/6
  1533 | D:2      | Paralysed by Crazy Yiuf for 7 turns
  1540 | D:2      | Killed Crazy Yiuf
  1540 | D:2      | Reached skill level 2 in Unarmed Combat
  1625 | D:3      | Found a shimmering altar of Xom.
  1766 | D:3      | Noticed a +0 hand axe
  1766 | D:3      | Noticed a +0 dagger
  1787 | D:3      | Found a hide-covered altar of Uskayaw.
  2102 | D:3      | Reached XP level 5. HP: 40/45 MP: 7/7
  2118 | D:3      | Noticed Robin
  2150 | D:3      | Killed Robin
  2250 | D:3      | Reached * piety under Ashenzari
  2309 | D:3      | Found a stormy altar of Qazlal.
  2310 | D:3      | Found a shadowy altar of Dithmenos.
  2441 | D:3      | Found a shimmering blue altar of Sif Muna.
  2732 | D:4      | Noticed a phantom
  2774 | D:4      | Killed a phantom
  2774 | D:4      | Reached XP level 6. HP: 42/53 MP: 8/8
  2848 | D:4      | Learned a level 3 spell: Mephitic Cloud
  2905 | D:4      | Reached skill level 3 in Unarmed Combat
  2981 | D:4      | Found a burning altar of Makhleb.
  3415 | D:5      | Entered Level 5 of the Dungeon
  3423 | D:5      | Reached ** piety under Ashenzari
  3497 | D:5      | Found a bloodstained altar of Trog.
  3648 | D:5      | Reached XP level 7. HP: 19/59 MP: 9/9
  3799 | D:5      | Found a glowing golden altar of the Shining One.
  4058 | D:5      | Found Hoeschei's Assorted Antiques.
  4659 | D:6      | Identified the cursed -3 kite shield of Wasted Space {rF+
                  | MR++}
  4739 | D:6      | Reached skill level 4 in Unarmed Combat
  4930 | D:6      | Reached XP level 8. HP: 19/67 MP: 10/10
  4938 | D:6      | HP: 3/100 [centaur (7)]
  4946 | D:6      | HP: 2/100 [poisoned by a worker ant]
  5212 | D:6      | Reached skill level 5 in Unarmed Combat
  5309 | D:6      | Found Busitumack's Book Shoppe.
  5346 | D:6      | Found a transporter.
  5346 | D:6      | Identified the amulet of Boddyfeut {Spirit rC- rN++ Stlth+}
  5352 | D:6      | Found a transporter.
  5355 | D:6      | Noticed iamserjio's ghost (weakling TrDe)
  5468 | D:7      | Found a staircase to the Ecumenical Temple.
  5617 | D:7      | Found Qaenkuroa's Magic Scroll Shop.
  5650 | D:7      | Found Ufekar's Antique Armour Emporium.
  5656 | D:7      | Bought an embroidered cloak for 217 gold pieces
  5672 | D:7      | Found a sacrificial altar of Ru.
  5673 | D:7      | Noticed Harold
  5697 | D:7      | Slain by Harold

Illustrated notes

Levels and vault maps discovered:
D:1:      evilmike_arrival_plus, layout_basic, st_stairs_12
D:2:      layout_basic, evilmike_ruin_ashenzari, grunt_qazlal_clouds,
          uniq_crazy_yiuf_cottage, uniq_jessica
D:3:      layout_loops_corners, lemuel_coloured_pillars_altar,
          gammafunk_temple_overflow_statue, dancing_weapons_uskayaw,
          brannock_xom_greatest_gift, uniq_robin
D:4:      layout_basic, lightli_temple_of_fire, serial_rivers,
          chequers_serial_rivers_micro_a, chequers_serial_rivers_room_a,
          chequers_serial_rivers_micro_a, chequers_serial_rivers_room_a
D:5:      layout_layer_cave, bloody_trog, serial_shops, shop,
          grunt_decor_mini_mirrors, tso_altar
D:6:      layout_cave_pools, gammafunk_ghost_gnarly_gnolls, serial_shops,
          shop_statue, nzn_random_ring
D:7:      layout_basic, minmay_temple_entry_statues_pillars, serial_shops,
          nicolae_shop_crystal, nicolae_shop_trees, nicolae_shop_behind_doors,
          shop, shop, basic_altar, minmay_chambers_of_fives, uniq_harold

Skill      XL: |  1  2  3  4  5  6  7  8 |
---------------+-------------------------+-----
Conjurations   | 1 2 3 4 |  4.0
Unarmed Combat | 1 2 3 4 5 |  5.3
Dodging        | 2 3 4 |  4.8
Shields        | 1 2 3 4 |  4.3
Stealth        | |  1.0
Spellcasting   | |  2.0
Summonings     | |  0.6
Translocations | |  0.6

Action                   |  1- 3 |  4- 6 |  7- 9 || total
-------------------------+-------+-------+-------++-------
Melee: Unarmed           |   136 |   183 |   174 ||   493
Invok: Curse Item        |     1 |       |       ||     1
  Use: Scroll            |       |     8 |     1 ||     9
       Potion            |       |       |     3 ||     3
 Stab: Sleeping          |     2 |     3 |       ||     5
Armor: Robe              |    53 |    63 |    54 ||   170
Dodge: Dodged            |    60 |    53 |    80 ||   193
Block: Kite shield       |    18 |    61 |    86 ||   165

Table legend: (Time is in decaauts)
 A = Elapsed time spent in this place.
 B = Non-inter-level travel time spent in this place.
 C = Inter-level travel time spent in this place.
 D = Time resting spent in this place.
 E = Time spent auto-exploring this place.
 F = Levels seen in this place.
 G = Mean time per level.
                   A        B        C        D        E       F      G
               +--------+--------+--------+--------+--------+-----+--------+
         Total |   5715 |   5588 |    127 |    445 |   3885 |   7 |  816.4 |
       Dungeon |   5715 |   5588 |    127 |    445 |   3885 |   7 |  816.4 |
               +--------+--------+--------+--------+--------+-----+--------+

Top non-repeatable levels by time:
     D:5: 1183 daAuts
     D:3: 995 daAuts
     D:1: 908 daAuts
     D:6: 882 daAuts
     D:4: 818 daAuts
     D:2: 699 daAuts
     D:7: 226 daAuts
